 Dungeon Crawl Stone Soup version 0.18-a0-902-g8738618 (webtiles) character file.

98 Jmtri7 the Charlatan (level 5, -2/39 HPs)
             Began as a Formicid Artificer on Dec 25, 2015.
             Slain by a centaur skeleton (4 damage)
             ... on level 7 of the Dungeon.
             The game lasted 00:06:09 (1296 turns).

Jmtri7 the Charlatan (Formicid Artificer)           Turns: 1296, Time: 00:06:09

Health: -2/39      AC:  6    Str: 17    XL:     5   Next: 1%
Magic:  8/8        EV: 10    Int: 11    God:
Gold:   54         SH:  0    Dex: 11    Spells: 0 memorised, 4 levels left

rFire  . . .     SeeInvis +     a - +0 spear
rCold  . . .     Gourm    .     g - +0 scale mail
rNeg   . . .     Faith    .     (no shield)
rPois  .         Spirit   .     (helmet unavailable)
rElec  .         Dismiss  .     (no cloak)
rCorr  .         Reflect  .     (no gloves)
SustAt .         Harm     .     (no boots)
MR     .....                    (no amulet)
Stlth  ..........               (no ring)
                                (no ring)

@: not resistant to hostile enchantments, extremely unstealthy
A: permanent stasis, dig shafts and tunnels, four strong arms, antennae 3
a: Dig, Shaft Self


You were on level 7 of the Dungeon.
You were very hungry.

You visited 1 branch of the dungeon, and saw 5 of its levels.

You collected 54 gold pieces.

Inventory:

Hand Weapons
 a - a +0 spear (weapon)
Armour
 g - a +0 scale mail (worn)
Wands
 c - a wand of flame (7/48)
 d - a wand of enslavement (9/24)
 e - a wand of random effects (15/48)
 j - a wand of teleportation (1/9)
Scrolls
 h - a scroll of amnesia {unknown}
 m - 2 scrolls of magic mapping {unknown}
 o - a scroll of fear {unknown}
Potions
 b - a potion of magic {unknown}
 k - 2 potions of poison {unknown}
 l - a potion of might {unknown}
 n - 3 potions of curing {unknown}
Comestibles
 f - 2 bread rations
 i - 2 fruits


   Skills:
 + Level 2.5 Fighting
   Level 1.0 Short Blades
 + Level 2.0 Armour
 - Level 1.7 Dodging
 - Level 1.2 Stealth
 - Level 4.7 Evocations


You had 4 spell levels left.
You didn't know any spells.

Dungeon Overview and Level Annotations

Branches:
Dungeon (5/15)
 Temple: D:4-7

Altars:
Elyvilon
Xom
Zin
The Shining One


Innate Abilities, Weirdness & Mutations

You are under a permanent stasis effect.
You can dig through walls and to a lower floor.
Your four strong arms can wield two-handed weapons with a shield.
You have a pair of large antennae on your head (SInv).


Message History

Your centaur skeleton barely misses the gnoll.
The gnoll hits your centaur skeleton with a spear.
The centaur skeleton is no longer charmed.
Found a sapphire potion.
A giant gecko comes into view.
Found 8 gold pieces.
The centaur skeleton hits you but does no damage.
Found 18 sling bullets.
You see here a sapphire potion.
b - a sapphire potion The centaur skeleton hits you but does no damage.
The centaur skeleton hits you.
* * * LOW HITPOINT WARNING * * *
Attack whom?
Press: ? - help, Dir - move target cursor, f/p - gnoll
Aim: a gnoll, wielding a spear (heavily wounded)
You reach to attack!
You hit the gnoll but do no damage.
The gnoll is heavily wounded.
The centaur skeleton hits you.
You die...

#######.# .(.....?#
#)# ...########g# ...
...^........# ....
#..########.###.....
# #.........
##..########..##.....
...(...@Zg.g.........
#.........l....<.....
#.................$.
#..###########.#####
.. ..# . #.# .. .#


You could see 2 gnolls, a giant gecko and a centaur skeleton.

Vanquished Creatures
  A scorpion (D:4)
  An adder (D:2)
  An ooze (D:2)
  2 worms (D:2)
  A ball python (D:2)
  A giant cockroach (D:2)
  4 hobgoblins (D:2)
  2 bats (D:2)
  2 giant newts (D:2)
  2 goblins (D:2)
  2 rats (D:2)
19 creatures vanquished.

Vanquished Creatures (collateral kills)
  2 gnolls (D:7)
  A ball python (D:2)
  A giant newt (D:2)
4 creatures vanquished.

Grand Total: 23 creatures vanquished

Notes
Turn   | Place    | Note
--------------------------------------------------------------
     0 | D:1      | Jmtri7 the Formicid Artificer began the quest for the Orb.
     0 | D:1      | Reached XP level 1. HP: 15/15 MP: 3/3
     5 | D:1      | You fall through a shaft!
    56 | D:2      | Reached XP level 2. HP: 1/21 MP: 4/4
   360 | D:2      | Reached skill level 4 in Evocations
   543 | D:2      | Reached XP level 3. HP: 13/26 MP: 6/6
   718 | D:2      | Found a glowing golden altar of the Shining One.
   718 | D:2      | Found a glowing silver altar of Zin.
   719 | D:2      | Found a white marble altar of Elyvilon.
   828 | D:2      | You fall through a shaft for 2 floors!
   927 | D:4      | Noticed a scorpion
   939 | D:4      | Killed a scorpion
   939 | D:4      | Reached skill level 1 in Armour
   939 | D:4      | Reached XP level 4. HP: 3/34 MP: 7/7
  1237 | D:4      | Noticed an ogre
  1262 | D:4      | You fall through a shaft!
  1262 | D:5      | Entered Level 5 of the Dungeon
  1262 | D:5      | Found a shimmering altar of Xom.
  1262 | D:5      | Noticed a phantom
  1265 | D:5      | You fall through a shaft for 2 floors!
  1285 | D:7      | Reached XP level 5. HP: 6/39 MP: 8/8
  1294 | D:7      | HP: 1/39 [centaur skeleton (3)]
  1296 | D:7      | Slain by a centaur skeleton

Vault maps used:
D:1:      lemuel_arrival_tunnels
D:2:      good_gods_temple_1
D:4:      serial_shops, nicolae_shop_waterfront, first_bread,
          minmay_misc_feat_rows
D:5:      nicolae_overflow_crystal_walls, gammafunk_temple_overflow_wave,
          xom_confusion_cloud, temple_green, minmay_fountain_box, uniq_edmund
D:7:      grunt_ogre_cave, kennysheep_generic_room_6

Action                   |  1- 3 |  4- 6 || total
-------------------------+-------+-------++-------
Melee: Long sword        |    16 |       ||    16
       Spear             |    79 |     8 ||    87
 Abil: Shaft Self        |     2 |     2 ||     4
       Dig               |     3 |       ||     3
Evoke: Wand              |     9 |     5 ||    14
  Eat: Beef jerky        |       |     1 ||     1
